 Dungeon Crawl Stone Soup version 0.20.0-15-g7f486f2 (webtiles) character file.

74 Kriby the Skirmisher (level 4, -13/63 HPs)
             Began as a Hill Orc Fighter on June 10, 2017.
             Mangled by donomii's ghost (15 damage)
             ... on level 3 of the Dungeon.
             The game lasted 00:01:39 (1614 turns).

Kriby the Skirmisher (Hill Orc Fighter)             Turns: 1614, Time: 00:01:41

Health: -13/63     AC:  8    Str: 24    XL:     4   Next: 30%
Magic:  0/4        EV:  7    Int:  8    God:
Gold:   139        SH:  9    Dex: 10    Spells: 3/3 levels left

rFire    . . .     SeeInvis .   a - +0 war axe
rCold    . . .     Gourm    .   c - +0 shield
rNeg     . . .     Faith    .   b - +0 scale mail
rPois    .         Spirit   +   (no helmet)
rElec    .         Reflect  .   (no cloak)
rCorr    .         Harm     .   (no gloves)
MR       .....                  m - +0 pair of boots
Stlth    ..........             e - amulet of guardian spirit
Regen    0.2/turn               w - ring of flight
MPRegen  0.1/turn               (no ring)

@: mighty, berserking, very quick
A: no striking features
a: Evoke Flight


You were on level 3 of the Dungeon.
You were hungry.

You visited 1 branch of the dungeon, and saw 3 of its levels.

You collected 139 gold pieces.

Inventory:

Hand Weapons
 a - a +0 war axe (weapon)
Armour
 b - a +0 scale mail (worn)
 c - a +0 shield (worn)
 m - a +0 pair of boots (worn)
Jewellery
 e - an amulet of guardian spirit (around neck)
 w - a ring of flight (left hand)
Wands
 v - a wand of polymorph (15/24)
 x - a wand of disintegration (2/24)
Scrolls
 i - 4 scrolls of identify {unknown}
 k - 2 scrolls of remove curse {unknown}
 l - 4 scrolls of random uselessness {unknown}
 q - a scroll of magic mapping {unknown}
 u - 2 scrolls of teleportation {unknown}
Potions
 h - 3 potions of mutation {unknown}
 j - a potion of lignification {unknown}
 n - 2 potions of ambrosia {unknown}
 r - 2 potions of heal wounds {unknown}
 t - a potion of resistance {unknown}
Comestibles
 f - 3 bread rations
 o - a royal jelly
 p - 6 chunks of flesh
 s - a meat ration


   Skills:
 + Level 5.0 Fighting
 * Level 4.5 Axes
 - Level 3.2 Armour
 - Level 3.2 Shields


You had 3 spell levels left.
You didn't know any spells.

Dungeon Overview and Level Annotations

Branches:
Dungeon (3/15)

Altars:
Gozag

Annotations:
D:3 donomii's ghost, amateur TrMo


Message History

The floor.
Okay, then.
It was a potion of berserk rage.
A red film seems to cover your vision as you go berserk!
You feel yourself moving faster!
You feel mighty! You block donomii's ghost's attack.
Your shield and scale mail prevent you from hitting donomii's ghost.
Donomii's ghost is lightly damaged.
Donomii's ghost hits you.
* * * LOW HITPOINT WARNING * * *
You hit donomii's ghost.
Donomii's ghost is moderately damaged.
You block donomii's ghost's attack.
You closely miss donomii's ghost.
Donomii's ghost is moderately damaged.
You block donomii's ghost's attack.
You hit donomii's ghost.
Donomii's ghost is moderately damaged.
Donomii's ghost hits you!
You die...

#.# #.# #.# #.# #.# #.#
#.# #.# #.#####.####
#######..)...(....
#........))...#.#.
#.#############.#. #@#
#.... #W# #..... ##
#.##### #......
#..######.....## #.......
................# #.......
........#####.#.# #.#.....
...####.......>......#....
###.###.#.###..##.## #.# #
#.


You could see donomii's ghost.

Vanquished Creatures
  3 adders (D:2)
  2 dart slugs
  A leopard gecko (D:1)
  3 orcs (D:3)
  6 bats
  A giant cockroach (D:3)
  9 goblins
  5 hobgoblins
  4 frilled lizards
  2 kobolds (D:2)
  2 rats (D:3)
38 creatures vanquished.

Notes
Turn   | Place    | Note
-------+----------+-------------------------------------------
     0 | D:1      | Kriby the Hill Orc Fighter began the quest for the Orb.
     0 | D:1      | Reached XP level 1. HP: 19/19 MP: 1/1
   282 | D:1      | Reached XP level 2. HP: 27/27 MP: 2/2
   292 | D:1      | Reached skill level 4 in Fighting
   868 | D:2      | Found an opulent altar of Gozag.
   911 | D:2      | Reached XP level 3. HP: 34/34 MP: 3/3
  1294 | D:2      | Reached XP level 4. HP: 41/41 MP: 4/4
  1590 | D:3      | Reached skill level 5 in Fighting
  1592 | D:3      | Noticed donomii's ghost (amateur TrMo)
  1611 | D:3      | HP: 2/63 [donomii's ghost (5)]
  1614 | D:3      | Mangled by donomii's ghost

Skill      XL: |  1  2  3  4 |
---------------+-------------+-----
Axes           | 3 4 |  4.5
Fighting       | 4 5 |  5.0
Armour         | |  3.2
Shields        | |  3.2

Action                   |  1- 3 |  4- 6 || total
-------------------------+-------+-------++-------
Melee: War axe           |   107 |    42 ||   149
  Use: Potion            |       |     2 ||     2
  Eat: Chunk             |     1 |     1 ||     2
Armor: Scale mail        |    57 |    13 ||    70
Dodge: Dodged            |    33 |    10 ||    43
Block: Shield            |    74 |    25 ||    99
